 Dungeon Crawl Stone Soup version 0.28-a0-804-g60983d4ba9 (webtiles) character file.

Game seed: 6030946525474961277

39 devnull the Poker (level 3, -2/28 HPs)
             Began as a Merfolk Gladiator on Nov 8, 2021.
             Slain by Sigmund (3 damage)
             ... on level 2 of the Dungeon.
             The game lasted 00:03:50 (998 turns).

devnull the Poker (Merfolk Gladiator)                Turns: 998, Time: 00:03:50

Health: -2/28      AC:  9    Str: 15    XL:     3   Next: 45%
Magic:  3/3        EV: 12    Int:  7    God:
Gold:   19         SH:  0    Dex: 15    Spells: 1/2 levels left

rFire   . . .      SeeInvis .   a - +0 trident
rCold   . . .      Faith    .   (no shield)
rNeg    . . .      Spirit   .   j - +0 ring mail
rPois   .          Reflect  .   g - +0 helmet
rElec   .          Harm     .   (no cloak)
rCorr   .          Rampage  .   (no gloves)
Will    .....                   i - +2 pair of boots
Stlth   +.........              (no amulet)
HPRegen 0.09/turn               (no ring)
MPRegen 0.08/turn               (no ring)

@: hasted, very quick
A: (nimble swimmer 2), mertail
a: no special abilities


You were on level 2 of the Dungeon.
You visited 1 branch of the dungeon, and saw 2 of its levels.

You collected 19 gold pieces.

Inventory:

Hand Weapons
 a - a +0 trident (weapon)
Missiles
 d - a throwing net (quivered)
Armour
 b - a +0 leather armour
 g - a +0 helmet (worn)
 i - a +2 pair of boots (worn)
 j - a +0 ring mail (worn)
Scrolls
 e - a scroll of magic mapping {unknown}
 h - a scroll of identify {unknown}
Potions
 f - a potion of magic {unknown}


   Skills:
 + Level 2.9 Fighting
 + Level 5.1 Polearms
 - Level 2.0 Throwing
 + Level 4.6 Dodging
 + Level 0.5 Transmutations


You had one spell level left.
You knew the following spells:

 Your Spells              Type           Power      Damage    Failure   Level
a - Sting                 Tmut/Pois      0%         1d3       63%         1

Your spell library contained the following spells:

 Spells                   Type           Power      Damage    Failure   Level
 Ignite Poison            Fire/Tmut/Pois 0%         N/A       95%         3
 Mephitic Cloud           Conj/Pois/Air  0%         N/A       95%         3
 Alistair's Intoxication  Tmut/Pois      0%         N/A       100%        5


Dungeon Overview and Level Annotations

Branches:
Dungeon (2/15)

Altars:

Annotations:
D:2 Sigmund


Innate Abilities, Weirdness & Mutations

((You are quick and stealthy near water. (Stealth+, EV+, Speed+++)))
Your lower body shifts to a powerful aquatic tail in water.


Message History

Sigmund is heavily wounded.
Sigmund struggles against the net.
You reach to attack!
You hit Sigmund.
Sigmund is severely wounded.
Sigmund gestures at you while chanting.
You are confused.
Sigmund struggles against the net.
You are too confused!
You are too confused!
You hit Sigmund.
Sigmund is severely wounded.
Sigmund struggles against the net.
Sigmund struggles against the net.
Sigmund casts a spell.
Sigmund flickers and vanishes!
Deactivating autopickup; reactivate with Ctrl-A.
Something wriggles in the net.
All of a sudden the net rips apart!
You bump into the rock wall.
You're too confused to move!
You feel less confused.
A hobgoblin comes into view.
Something hits you. Something burns you.
The hobgoblin shouts!
You closely miss something. Something hits you! Something burns you.
The hobgoblin throws a stone.
The stone barely misses you.
You miss something.
You hear some strange, mumbled words.
A puff of flame appears from out of thin air!
The puff of flame hits you.
Okay, then.
Okay, then.
You hit something.
The hobgoblin throws a stone.
The stone hits you but does no damage. Something hits you but does no damage.
You miss something.
The hobgoblin throws a stone.
The stone hits you but does no damage.
Okay, then.
It was a potion of haste.
You feel yourself speed up. Something hits you!
* * * LOW HITPOINT WARNING * * *
Something burns you.
You die...

#.##.# #.# #.##.#
#.... #.##.# @..
...####.##.######..
....(..............
#######.#########.#
##..g## .#
#####.....#######.#
........@.........#
.#####...{.#########
..........##
###########


You could see a hobgoblin.

Vanquished Creatures
  A dart slug (D:1)
  4 endoplasms (D:1)
  2 giant cockroaches (D:1)
  4 goblins (D:1)
  3 hobgoblins (D:1)
  4 jackals
  2 kobolds (D:1)
  3 quokkas (D:1)
  5 ball pythons
  A bat (D:1)
  3 frilled lizards (D:1)
32 creatures vanquished.

Notes
Turn   | Place    | Note
-------+----------+-------------------------------------------
     0 | D:1      | devnull the Merfolk Gladiator began the quest for the Orb.
     0 | D:1      | Reached XP level 1. HP: 16/16 MP: 1/1
    65 | D:1      | Reached XP level 2. HP: 23/23 MP: 2/2
   496 | D:1      | Reached XP level 3. HP: 28/28 MP: 3/3
   497 | D:1      | Reached skill level 5 in Polearms
   525 | D:1      | Got Guck's Compendium of Intoxication
   533 | D:1      | Learned a level 1 spell: Sting
   963 | D:2      | Noticed Sigmund
   998 | D:2      | HP: 1/28 [something (8)]
   998 | D:2      | Slain by Sigmund

Illustrated notes

Levels and vault maps discovered:
D:1:      lemuel_arrival_river_bridge, layout_basic
D:2:      layout_loops_ring, hellmonk_ecumenical_altar_prayer_group,
          minmay_snake_closets, uniq_sigmund

Skill      XL: |  1  2  3 |
---------------+----------+-----
Polearms       | 5 |  5.1
Fighting       | |  2.9
Throwing       | |  2.0
Dodging        | |  4.6
Transmutations | |  0.5

Action                   || total
-------------------------++-------
Melee: Trident           ||    92
Throw: Throwing net      ||     2
  Use: Potion            ||     1
 Stab: Sleeping          ||     1
Armor: Leather armour    ||    11
       Ring mail         ||     7
Dodge: Dodged            ||    46

Table legend: (Time is in decaauts)
 A = Elapsed time spent in this place.
 B = Non-inter-level travel time spent in this place.
 C = Inter-level travel time spent in this place.
 D = Time resting spent in this place.
 E = Time spent auto-exploring this place.
 F = Levels seen in this place.
 G = Mean time per level.
                   A        B        C        D        E       F      G
               +--------+--------+--------+--------+--------+-----+--------+
         Total |    992 |    862 |    130 |      0 |    638 |   2 |  496.0 |
       Dungeon |    992 |    862 |    130 |      0 |    638 |   2 |  496.0 |
               +--------+--------+--------+--------+--------+-----+--------+

Top non-repeatable levels by time:
     D:1: 892 daAuts
     D:2: 100 daAuts
